Map: Acid Plant LE

Players

CinDra - Winner!

  • Race: Zerg Zerg
  • League: Silver
  • Spawn Location: 5:00

FakeBuscemi

  • Race: Terran Terran
  • League: Silver
  • Spawn Location: 11:00

VOD

Have the link to the VOD?

Description

Time

  • Played on: Feb. 24, 2018, 6:49 p.m.
  • Length: 14:51
Show
View Real Time Build Order
Export as new Build Order

CinDra Zerg - Winner!

Build Orders: Hatch First 

Get SALT Encoding   

  12  0:01  Drone  
  13  0:08  Drone  
  14  0:16  Overlord  
  14  0:35  Drone x3  
  17  0:53  Hatchery  
  17  0:55  Drone  
  17  1:02  Drone  
  18  1:06  Extractor  
  18  1:07  Drone  
  18  1:18  Spawning Pool  
  17  1:21  Drone  
  18  1:30  Drone  
  19  1:39  Drone  
  20  1:50  Drone  
  21  2:05  Queen x2  
  21  2:06  Zergling x2  
  21  2:07  Zergling x2  
  27  2:11  Overlord  
  27  2:14  Metabolic Boost  
  27  2:20  Drone  
  28  2:29  Drone  
  30  2:30  Drone  
  30  2:38  Overlord  
  30  2:39  Drone  
  31  2:47  Zergling x2  
  31  2:49  Zergling x2  
  33  2:54  Drone  
  33  2:56  Lair  
  34  2:59  Drone  
  35  3:06  Queen  
  35  3:08  Overlord  
  35  3:09  Drone  
  38  3:22  Extractor  
  38  3:25  Drone x6  
  43  3:31  Drone  
  43  3:33  Drone  
  41  4:05  Zergling x16  
  49  4:13  Overlord  
  49  4:14  Overlord  
  49  4:22  Zergling x2  
  50  4:34  Drone  
  50  4:35  Drone x6  
  53  4:49  Zergling x6  
  56  5:14  Overlord  
  56  5:18  Spire, Pneumatized Carapace  
  55  5:36  Hatchery  
  54  5:43  Zergling x2  
  54  5:44  Drone x11  
  66  5:53  Extractor  
  66  5:54  Extractor  
  64  6:06  Zergling x4  
  64  6:08  Overseer  
  64  6:09  Overseer x3  
  66  6:24  Zergling x2  
  66  6:25  Zergling x6  
  70  6:32  Mutalisk x3  
  72  6:33  Overlord  
  72  6:34  Overlord x4  
  76  6:57  Mutalisk x3  
  76  6:58  Mutalisk  
  84  7:03  Drone  
  84  7:04  Drone x7  
  92  7:12  Mutalisk  
  94  7:22  Extractor  
  94  7:26  Extractor, Mutalisk x2  
  94  7:29  Overlord x2  
  96  7:30  Zergling x6  
  96  7:31  Zergling x2  
  100  7:39  Mutalisk  
  102  7:49  Zerg Flyer Weapons Level 1  
  102  7:51  Evolution Chamber  
  102  7:52  Evolution Chamber  
  102  7:54  Drone  
  102  7:55  Drone x7  
  108  8:00  Drone  
  109  8:18  Mutalisk, Drone x2  
  109  8:19  Mutalisk x3  
  119  8:25  Zerg Melee Weapons Level 1  
  119  8:51  Hatchery  
  118  9:07  Mutalisk x2  
  118  9:08  Mutalisk x2  
  118  9:09  Overlord x2  
  126  9:10  Zergling x20  
  126  9:11  Zergling x4  
  126  9:16  Zerg Ground Armor Level 1  
  136  9:40  Zergling x12  
  136  9:41  Zergling x2  
  143  10:16  Mutalisk x2  
  143  10:17  Mutalisk x6  
  143  10:18  Overlord  
  143  10:19  Overlord x10  
  159  10:33  Drone  
  160  10:36  Queen  
  160  10:39  Drone  
  160  10:40  Drone x7  
  170  10:57  Extractor  
  170  11:00  Extractor  
  168  11:21  Zerg Melee Weapons Level 2  
  168  11:22  Zerg Ground Armor Level 2  
  168  11:24  Zerg Flyer Armor Level 1  
  168  11:30  Drone x2  
  168  11:31  Drone x3  
  168  11:32  Mutalisk x7  
  175  11:33  Mutalisk x4  
  187  12:02  Mutalisk  
  187  12:03  Mutalisk x5  
  195  12:33  Infestation Pit  
  194  12:37  Mutalisk  
  194  12:38  Mutalisk x2  
  200  12:51  Overlord x2  
  188  14:01  Mutalisk  
  188  14:02  Mutalisk x10  
  148  14:31  Hatchery  
Show
View Real Time Build Order
Export as new Build Order

FakeBuscemi Terran 

Build Orders: MMM Bio 

Get SALT Encoding   

  12  0:02  SCV  
  13  0:18  SCV, Supply Depot  
  14  0:30  SCV  
  15  0:41  Barracks  
  15  0:43  SCV  
  15  0:48  Refinery  
  16  1:03  Barracks, SCV  
  17  1:15  SCV  
  18  1:22  Supply Depot  
  18  1:27  SCV  
  18  1:28  Marine  
  20  1:34  Refinery  
  20  1:56  Barracks Reactor  
  20  2:00  Barracks Reactor, Supply Depot  
  20  2:05  SCV  
  21  2:17  SCV  
  22  2:31  Factory  
  22  2:32  SCV  
  22  2:34  Marine x2  
  22  2:36  Marine x2  
  27  2:47  Barracks  
  27  2:49  SCV  
  28  3:01  Marine x4  
  32  3:16  Cyclone  
  32  3:19  Marine x2  
  37  3:24  Supply Depot  
  37  3:30  Marine x2  
  39  3:41  Barracks Tech Lab  
  36  3:58  Marine x4  
  40  4:07  Cyclone  
  41  4:18  Marine  
  41  4:19  Marine x4  
  46  4:25  Supply Depot  
  46  4:27  Stimpack  
  38  4:52  Marine x4  
  40  4:53  Marine  
  40  5:17  Factory Tech Lab  
  40  5:26  Marine  
  40  5:27  Marine x3  
  40  5:28  Command Center  
  44  5:36  Siege Tank  
  47  5:47  Starport  
  47  5:56  SCV  
  48  6:08  SCV, Siege Tank  
  52  6:18  Marine x2  
  52  6:20  SCV  
  55  6:39  SCV, Supply Depot  
  56  6:40  Siege Tank  
  59  6:47  Starport Reactor  
  59  6:52  Combat Shields  
  59  6:57  Marine x2  
  59  6:58  Marine x2  
  63  7:12  Engineering Bay  
  63  7:19  Marine x4  
  63  7:22  SCV  
  68  7:27  Liberator  
  68  7:33  Orbital Command  
  68  7:35  SCV  
  69  7:47  SCV  
  69  7:50  Terran Infantry Weapons Level 1  
  73  8:06  Liberator  
  73  8:14  Command Center  
  73  8:20  Engineering Bay  
  76  8:28  SCV  
  76  8:32  Orbital Command  
  77  8:39  Refinery  
  77  8:40  SCV  
  78  8:46  Terran Infantry Armor Level 1  
  78  8:55  Armory  
  78  9:02  Supply Depot  
  78  9:12  Missile Turret  
  78  9:23  Missile Turret  
  78  9:24  Siege Tank, Marine x2  
  81  9:25  Missile Turret, Marine  
  81  9:27  Missile Turret  
  82  9:38  Missile Turret, Medivac x2  
  86  9:41  Marine x2  
  88  10:19  Marine  
  88  10:20  Missile Turret, Marine x4  
  93  10:32  Supply Depot  
  93  10:37  Marine x2  
  93  10:38  Marine x3  
  96  10:58  Supply Depot  
  96  11:00  Marine  
  96  11:02  Supply Depot  
  94  11:12  Missile Turret  
  94  11:17  Missile Turret  
  94  11:19  Marine x5  
  94  11:20  Supply Depot  
  94  11:23  Missile Turret  
  99  11:37  Marine x5  
  104  11:44  Terran Infantry Weapons Level 2  
  104  11:46  Command Center  
  102  11:54  Marine x3  
  102  11:55  Marine x2  
  101  12:08  Missile Turret  
  101  12:10  SCV  
  101  12:12  Marine x5  
  101  12:14  Missile Turret  
  107  12:16  Missile Turret  
  107  12:17  Missile Turret  
  107  12:22  SCV  
  108  12:31  Command Center  
  108  12:34  SCV  
  109  12:41  Factory Reactor  
  109  12:43  Factory  
  109  12:46  SCV  
  110  12:58  Viking x2  
  114  13:17  Missile Turret  
  114  13:31  SCV  
  115  13:36  Viking  
  117  13:41  Viking  
  117  13:43  SCV  
  117  13:46  Supply Depot  
  118  13:48  Supply Depot  
  111  13:56  SCV  
  98  14:08  SCV  
  96  14:11  Marine x3  
  99  14:19  Marine x2  
  102  14:28  Marine  
  102  14:29  Marine x2  
Tags
 
Composition
MMM Bio
Matchup
TvZ
Spawn Locations
Cross Positions
Add a new tag
Caveats
  • Supply blocks, unpowered buildings, or Contaminate may cause inaccurate times.
  • Supply counts are checked every 10 seconds.